Map: Dusk Towers

Players

LiquidSnute (Snute)

  • Race: Zerg Zerg
  • League: Grandmaster

MinChul (MC) - Winner!

  • Race: Protoss Protoss

Event: Homestory Cup XII

VOD

Have the link to the VOD?

Description

Time

  • Played on: Dec. 20, 2015, 12:22 p.m.
  • Length: 14:42

All games in this series

Show
View Real Time Build Order
Export as new Build Order

LiquidSnute Zerg 

Build Orders: 3 Hatch before Pool 

Get SALT Encoding   

  12  0:00  Drone  
  13  0:12  Overlord  
  13  0:17  Drone  
  14  0:30  Drone x2  
  14  0:34  Drone  
  17  0:53  Hatchery  
  17  0:55  Drone  
  17  0:59  Drone  
  18  1:07  Drone  
  19  1:22  Hatchery  
  19  1:25  Drone  
  19  1:28  Extractor  
  18  1:39  Spawning Pool  
  17  1:42  Drone  
  17  1:47  Drone  
  19  1:50  Drone  
  20  2:00  Drone  
  21  2:05  Drone  
  22  2:10  Drone  
  23  2:16  Drone  
  24  2:25  Queen  
  24  2:26  Queen  
  24  2:29  Metabolic Boost  
  28  2:33  Overlord  
  28  2:36  Zergling x2  
  29  2:38  Zergling x2  
  29  2:40  Zergling x2  
  29  2:43  Zergling x2  
  32  2:46  Zergling x2  
  32  2:47  Zergling x2  
  34  2:53  Zergling x2  
  34  2:55  Zergling x2  
  35  3:06  Queen  
  35  3:07  Overlord  
  35  3:08  Drone x2  
  38  3:15  Drone x2  
  37  3:21  Drone x2  
  37  3:22  Drone  
  37  3:26  Drone  
  39  3:28  Drone  
  39  3:33  Zergling x2  
  40  3:35  Zergling x8  
  40  3:38  Drone  
  40  3:40  Zergling x2  
  43  3:45  Zergling x2  
  43  3:46  Zergling x2  
  42  4:00  Drone x4  
  42  4:01  Drone  
  46  4:04  Drone  
  46  4:07  Overlord  
  47  4:13  Drone x2  
  47  4:15  Overlord  
  49  4:18  Extractor  
  49  4:20  Drone x2  
  49  4:23  Overlord  
  50  4:27  Drone x2  
  50  4:30  Drone  
  52  4:34  Roach Warren  
  52  4:35  Drone  
  52  4:37  Drone  
  53  4:42  Drone x2  
  53  4:43  Drone  
  53  4:44  Drone  
  57  4:46  Drone  
  57  4:47  Drone  
  57  4:48  Drone  
  57  4:50  Drone  
  57  4:52  Drone  
  61  5:01  Overlord  
  61  5:02  Queen  
  63  5:07  Overlord  
  65  5:14  Roach x5  
  65  5:16  Overlord  
  65  5:20  Roach  
  65  5:21  Roach x3  
  79  5:28  Roach x2  
  83  5:35  Zergling x8  
  75  5:43  Zergling x6  
  67  5:56  Drone x2  
  67  5:59  Drone x2  
  67  6:01  Drone  
  67  6:02  Drone  
  71  6:05  Drone  
  71  6:06  Drone  
  71  6:09  Drone  
  71  6:10  Drone  
  75  6:18  Drone x4  
  76  6:24  Drone x2  
  78  6:29  Drone  
  78  6:31  Drone x2  
  81  6:34  Drone x3  
  81  6:39  Drone  
  85  6:41  Drone  
  85  6:43  Queen  
  85  6:44  Drone  
  89  6:52  Drone x2  
  91  6:56  Extractor  
  91  6:57  Lair, Extractor  
  91  6:58  Drone  
  91  7:00  Extractor x2  
  91  7:01  Evolution Chamber, Drone  
  89  7:03  Drone  
  89  7:06  Drone, Queen  
  92  7:10  Overlord  
  92  7:11  Drone x2  
  92  7:13  Drone  
  95  7:16  Drone x2  
  95  7:17  Drone, Overlord  
  98  7:24  Overlord  
  98  7:27  Zerg Melee Weapons Level 1  
  98  7:28  Hatchery  
  97  7:30  Drone  
  97  7:32  Drone  
  97  7:33  Drone  
  100  7:37  Overlord  
  100  7:39  Drone x2  
  100  7:42  Queen  
  100  7:44  Drone  
  105  7:49  Roach x6  
  105  7:50  Overlord  
  117  7:55  Spire, Glial Reconstitution  
  117  7:57  Ravager x2  
  118  8:00  Ravager  
  119  8:12  Queen  
  121  8:15  Zergling x8  
  121  8:16  Zergling x12  
  131  8:22  Queen x2  
  131  8:24  Overlord  
  133  8:30  Overlord x3  
  133  8:37  Overlord x2  
  133  8:38  Overlord  
  133  8:47  Queen  
  135  8:55  Extractor  
  134  8:58  Extractor  
  133  9:08  Mutalisk x11  
  155  9:16  Mutalisk  
  155  9:17  Zergling x2  
  155  9:18  Zergling x16  
  164  9:25  Overlord  
  164  9:28  Overlord  
  164  9:36  Zerg Flyer Weapons Level 1, Zerg Melee Weapons Level 2  
  164  9:37  Zergling x14  
  164  9:38  Zergling x2  
  172  9:43  Mutalisk x2  
  176  9:49  Extractor  
  176  9:51  Roach x4  
  176  9:52  Roach  
  174  10:00  Roach x2  
  174  10:01  Roach x4  
  176  10:11  Mutalisk x3  
  167  10:16  Mutalisk  
  161  10:26  Mutalisk  
  161  10:27  Mutalisk  
  163  10:32  Mutalisk  
  157  10:45  Mutalisk x2  
  151  10:51  Mutalisk  
  149  11:00  Mutalisk  
  151  11:05  Mutalisk  
  151  11:06  Zergling x8  
  151  11:07  Zergling x10  
  162  11:11  Hatchery  
  157  11:28  Zergling x10  
  157  11:29  Zergling x2  
  157  11:32  Mutalisk x3  
  163  11:33  Mutalisk  
  163  11:37  Ravager  
  163  11:38  Ravager  
  173  11:40  Zergling x8  
  173  11:42  Zergling x2  
  178  11:47  Ravager  
  178  11:48  Ravager  
  178  11:49  Zergling x6  
  182  12:00  Zergling x6  
  153  12:08  Zergling x2  
  153  12:09  Zergling x8  
  140  12:15  Zergling x2  
  140  12:16  Zergling x10  
  140  12:19  Zergling x2  
  117  12:23  Zergling x4  
  117  12:26  Mutalisk  
  117  12:29  Zergling x6  
  111  12:37  Zergling x2  
  111  12:38  Zergling x8  
  112  12:49  Ravager x4  
  112  12:50  Ravager  
  117  12:52  Ravager x5  
  117  12:53  Zergling x16  
  117  12:57  Zergling x8  
  134  13:03  Zergling x2  
  135  13:12  Zergling x12  
  141  13:18  Hatchery, Zergling x8  
  143  13:29  Mutalisk x2  
  143  13:32  Mutalisk  
  146  13:49  Mutalisk x4  
  141  14:07  Mutalisk x3  
  96  14:12  Zergling x10  
  83  14:17  Mutalisk  
  83  14:23  Zergling x2  
  83  14:24  Zergling x4  
Show
View Real Time Build Order
Export as new Build Order

MinChul Protoss - Winner!

Build Orders: 1 Gate Expand, Mass Adepts 

Get SALT Encoding   

  12  0:00  Probe (Chrono Boost)  
  13  0:11  Probe (Chrono Boost)  
  14  0:18  Pylon  
  14  0:22  Probe (Chrono Boost)  
  15  0:36  Probe (Chrono Boost)  
  15  0:40  Gateway  
  16  0:46  Probe (Chrono Boost)  
  16  0:47  Assimilator  
  17  0:57  Probe (Chrono Boost)  
  17  1:01  Gateway  
  18  1:08  Probe (Chrono Boost)  
  19  1:27  Cybernetics Core  
  21  1:43  Nexus  
  19  2:02  Pylon  
  19  2:04  Adept (Chrono Boost), Warp Gate  
  19  2:06  Adept (Chrono Boost)  
  23  2:10  Assimilator  
  23  2:20  Probe (Chrono Boost)  
  24  2:30  Adept  
  24  2:31  Adept  
  24  2:32  Probe (Chrono Boost)  
  24  2:37  Pylon  
  29  2:42  Probe (Chrono Boost)  
  30  2:53  Probe (Chrono Boost)  
  30  2:54  Twilight Council  
  30  2:57  Probe (Chrono Boost)  
  32  3:06  Probe (Chrono Boost)  
  32  3:08  Probe (Chrono Boost)  
  34  3:17  Probe (Chrono Boost)  
  34  3:18  Probe (Chrono Boost)  
  36  3:27  Probe (Chrono Boost)  
  36  3:28  Robotics Facility  
  36  3:29  Probe (Chrono Boost)  
  38  3:38  Probe (Chrono Boost)  
  38  3:39  Probe (Chrono Boost)  
  40  3:42  Resonating Glaives (Chrono Boost)  
  40  3:48  Probe x2 (Chrono Boost)  
  38  3:58  Probe  
  38  4:00  Probe  
  36  4:05  Gateway  
  36  4:06  Gateway  
  36  4:08  Adept  
  38  4:12  Mothership Core, Adept  
  42  4:18  Warp Prism (Chrono Boost)  
  42  4:21  Probe  
  45  4:30  Pylon  
  45  4:32  Pylon  
  45  4:33  Probe x2  
  45  4:36  Adept  
  49  4:38  Adept  
  49  4:45  Probe x2  
  53  4:50  Observer (Chrono Boost)  
  54  4:54  Pylon  
  54  4:57  Adept  
  54  4:59  Adept  
  58  5:03  Pylon  
  58  5:04  Adept x2  
  62  5:09  Pylon  
  62  5:11  Probe x2  
  62  5:13  Pylon  
  64  5:25  Adept x2  
  64  5:26  Adept x2  
  64  5:50  Charge  
  64  5:51  Nexus  
  64  5:56  Immortal (Chrono Boost), Adept  
  64  5:57  Adept x3  
  60  6:05  Probe  
  60  6:06  Probe  
  60  6:19  Adept  
  60  6:20  Adept x3  
  60  6:22  Pylon  
  68  6:30  Warp Prism (Chrono Boost)  
  68  6:31  Assimilator  
  62  6:33  Assimilator  
  62  6:37  Probe x2  
  64  6:45  Adept x3  
  64  6:46  Adept  
  72  6:49  Probe x2  
  78  7:01  Immortal (Chrono Boost)  
  78  7:02  Probe  
  78  7:03  Probe x2  
  78  7:05  Assimilator  
  81  7:11  Assimilator  
  81  7:17  Probe  
  81  7:18  Probe, Pylon  
  81  7:19  Probe  
  81  7:20  Forge  
  84  7:28  Probe  
  85  7:30  Probe  
  85  7:31  Probe  
  85  7:33  Immortal (Chrono Boost)  
  91  7:38  Probe  
  91  7:40  Templar Archives  
  91  7:43  Probe x2  
  94  7:50  Probe  
  95  7:53  Protoss Ground Weapons Level 1 (Chrono Boost)  
  95  7:55  Probe x2  
  97  8:04  Gateway  
  97  8:09  Zealot x3  
  97  8:10  Zealot  
  105  8:16  Gateway  
  105  8:17  Gateway  
  105  8:19  Gateway  
  105  8:22  Probe x2  
  105  8:24  Immortal  
  107  8:32  Pylon  
  107  8:33  High Templar  
  107  8:34  High Templar x3  
  117  8:37  Robotics Bay  
  117  8:38  Gateway  
  117  8:41  Archon x2  
  119  8:50  Pylon  
  119  8:52  Pylon  
  119  8:55  Pylon  
  119  8:58  Immortal  
  119  9:07  Zealot x3, High Templar x2  
  133  9:17  Zealot x3  
  133  9:18  Archon  
  133  9:22  Pylon  
  139  9:25  Pylon  
  139  9:33  Immortal  
  139  9:37  High Templar x3  
  139  9:38  Zealot x3  
  151  9:39  High Templar  
  151  9:41  Archon  
  151  9:44  Blink  
  155  9:46  Photon Cannon  
  153  9:55  Zealot x2, High Templar  
  159  10:00  Stalker x2  
  159  10:01  Stalker  
  159  10:07  Warp Prism  
  165  10:13  Archon  
  131  10:24  Stalker x7  
  131  10:25  Stalker  
  135  10:31  Stalker  
  125  10:53  Stalker x8  
  137  10:57  Stalker  
  139  11:18  Stalker x2  
  139  11:19  Stalker x5  
  139  11:22  Stalker  
  155  11:31  Stalker  
  157  11:42  Stalker x5  
  157  11:43  Stalker  
  169  11:47  Stalker  
  171  12:02  Stalker x2  
  151  12:12  Stalker x8  
  135  12:26  Warp Prism  
  119  12:30  Stalker  
  119  12:48  Zealot x8  
  135  13:02  Nexus  
  135  13:03  Pylon  
  135  13:09  Disruptor  
  135  13:12  High Templar x4  
  143  13:16  Archon x2  
  143  13:19  Zealot x3, High Templar x2  
  148  13:24  Pylon  
  148  13:25  Pylon  
  140  13:31  Archon  
  140  13:40  Disruptor, Zealot x2  
  140  13:41  Zealot  
  149  13:50  High Templar x2  
  149  13:51  Zealot x4  
  149  13:55  Archon  
  157  14:08  Zealot x3  
  133  14:11  Stalker x2  
  133  14:25  Zealot, High Templar x2  
  133  14:26  Probe x2  
  133  14:30  Archon  
Tags
 
Add a new tag
Caveats
  • Supply blocks, unpowered buildings, or Contaminate may cause inaccurate times.
  • Supply counts are checked every 10 seconds.